AoeStats
← 小奶狗

Arena

508919027Analyzed
4v4 RM · 9d ago on Sep 24, 2026· 15m 54s· 8 players
Game mode
Random Map
Map size
Large (8 player)
Population
200
Speed
Normal
Resources
Standard
Victory
Conquest
Starting age
Dark Age
Ending age
Imperial Age
RankedLock teamsTeams togetherTeam positionsShared explorationLock speedFull tech treeHidden civsTurbo modeCheats
Victory
Defeat
🇹🇼 Japanese · Taiwan
1103
+14
🇹🇼 Britons · Taiwan
1055
+16
🇹🇼 Khitans · Taiwan
1048
+16
🇹🇼 Persians · Taiwan
1045
+17
🇹🇷 Ethiopians · Türkiye
1142
-19
🇲🇽 Lithuanians · Mexico
1104
-18
🇮🇳 Mongols · India
1020
-14
🇵🇪 Franks · Peru
969
-12
eric831222
10:59 Feudal Age
12:38 Double-Bit Axe
15:43 Castle Age
虎戰
2:26 Loom
10:04 Feudal Age
16:19 Castle Age
14:26 Double-Bit Axe
莖鋼狼
0:28 Loom
11:30 Feudal Age
15:36 Castle Age
15:36 Castle Age
13:30 Double-Bit Axe
小奶狗
0:27 Loom
11:21 Feudal Age
16:12 Castle Age
14:16 Double-Bit Axe
14:49 Domestication
Abraham16034735
10:59 Feudal Age
15:22 Castle Age
13:15 Double-Bit Axe
13:15 Horse Collar
jetthro
11:48 Feudal Age
16:14 Castle Age
14:05 Double-Bit Axe
15:16 Wheelbarrow
Rubick
11:46 Feudal Age
13:03 Horse Collar
13:09 Double-Bit Axe
16:01 Castle Age
JP_Empire
11:22 Feudal Age
9:50 Loom
15:23 Castle Age
14:10 Double-Bit Axe
Connection lost

Rejoining the realm…

Still unreachable

The connection could not be restored.

Session expired

The server has moved on; the page needs a fresh start.